AoeStats
← 非宁静无以致远

African Clearing

504513592Analyzed
4v4 RM · 25d ago on Sep 5, 2026· 18m 33s· 8 players
Game mode
Random Map
Map size
Large (8 player)
Population
200
Speed
Normal
Resources
Standard
Victory
Conquest
Starting age
Dark Age
Ending age
Imperial Age
RankedLock teamsTeams togetherTeam positionsShared explorationLock speedFull tech treeHidden civsTurbo modeCheats
Victory
Defeat
🇮🇳 Ethiopians · India
1108
+13
🇧🇷 Maya · Brazil
1050
+16
🇦🇷 Cumans · Argentina
1021
+17
🇧🇷 Britons · Brazil
1021
+17
🇭🇰 Mongols · Hong Kong SAR China
1082
-17
🇩🇪 Persians · Germany
1039
-16
🇵🇱 Huns · Poland
1035
-15
🇬🇧 Bohemians · United Kingdom
1026
-15
The Rock
Demshredz
4:15 Loom
16:29 Feudal Age
18:46 Bloodlines
Special Air (SAS)
12:52 Feudal Age
15:20 Bloodlines
非宁静无以致远
5:42 Loom
14:49 Feudal Age
19:08 Castle Age
17:56 Double-Bit Axe
18:13 Gold Mining
milena.niitsuma
4:14 Loom
17:19 Feudal Age
19:30 Wheelbarrow
gabrielcg02
10:50 Loom
12:35 Feudal Age
10:54 Loom
14:16 Fletching
17:58 Wheelbarrow
Lilygold
4:03 Loom
13:46 Feudal Age
18:31 Fletching
Vector
4:20 Loom
15:36 Feudal Age
16:43 Double-Bit Axe
Connection lost

Rejoining the realm…

Still unreachable

The connection could not be restored.

Session expired

The server has moved on; the page needs a fresh start.